[Event "African Games-chT 2019"]
[Site "Casablanca"]
[Date "2019.08.24"]
[Round "5.5"]
[White "Oatlhotse, Providence"]
[Black "Bellahcene, Bilel"]
[Result "1-0"]
[ECO "A40"]
[WhiteElo "2252"]
[BlackElo "2550"]
[Annotator "ChessBase"]
[PlyCount "173"]
[EventDate "2019.08.24"]
[EventType "team-tourn"]
[EventCountry "MAR"]
[SourceTitle "playchess.com"]
[Source "ChessBase"]
[SourceQuality "1"]
[WhiteTeam "Botswana"]
[BlackTeam "Algeria"]
[WhiteTeamCountry "BOT"]
[BlackTeamCountry "ALG"]
[TimeControl "900+10"]

1. d4 Na6 2. e4 c6 3. c4 g6 4. Be2 Bg7 5. Nf3 d6 6. Nc3 Nf6 7. Rb1 O-O 8. O-O e5 9. d5 Nc5 10. Nd2 a5 11. b3 Rb8 12. Ba3 Na6 13. Re1 Nb4 14. Nf1 Bd7 15. Ne3 b5 16. Bb2 bxc4 17. Bxc4 cxd5 18. Nexd5 Nfxd5 19. Bxd5 Kh8 20. Bc4 Be6 21. Qe2 Qc8 22. Bxe6 fxe6 23. Red1 Qd7 24. Ba3 Rfc8 25. Bxb4 axb4 26. Na4 Bh6 27. Rb2 Qc6 28. Qd3 d5 29. Qh3 Bg7 30. Rbd2 d4 31. Qg4 Rf8 32. g3 Ra8 33. h4 Ra7 34. Qe2 Rc8 35. Qg4 Qe8 36. Rd3 h5 37. Qg5 Rac7 38. Nb2 Rc2 39. Nc4 Qf7 40. R1d2 R2xc4 41. bxc4 Rxc4 42. Kg2 Kh7 43. Rf3 Qb7 44. Re2 Rc3 45. Qd2 Qd7 46. Re1 Qc7 47. Qb2 Qc4 48. Rb1 Rxf3 49. Kxf3 Qd3+ 50. Kg2 Qxe4+ 51. f3 Qd5 52. Qxb4 e4 53. fxe4 Qxe4+ 54. Kh3 Qf3 55. Qb7 Qe2 56. Rb2 Qd1 57. Kh2 d3 58. Qd7 Qa1 59. Rd2 e5 60. Qxd3 Qc1 61. Rc2 Qe1 62. Qe2 Qa5 63. Qd2 Qa7 64. Qf2 Qd7 65. Rd2 Qe6 66. Re2 Qd7 67. Qe3 Qa4 68. Qe4 Qa3 69. Qb7 Qd3 70. Qe4 Qa3 71. Kg2 Qa7 72. a4 Qc5 73. Kh2 Qa3 74. Qc4 Qa1 75. Ra2 Qb1 76. a5 e4 77. a6 Bd4 78. Rg2 Qa1 79. Qf7+ Kh8 80. Qe8+ Kh7 81. Qxe4 Kg7 82. Qe7+ Kh6 83. Qf8+ Kh7 84. Qf7+ Kh6 85. Qb7 Be3 86. Qb2 Bg1+ 87. Kh1 1-0

[Event "African Games-chT 2019"]
[Site "Casablanca"]
[Date "2019.08.24"]
[Round "5.6"]
[White "Arab, Adlane"]
[Black "Khetho, Phemelo"]
[Result "1-0"]
[ECO "A92"]
[WhiteElo "2485"]
[BlackElo "2178"]
[Annotator "ChessBase"]
[PlyCount "65"]
[EventDate "2019.08.24"]
[EventType "team-tourn"]
[EventCountry "MAR"]
[SourceTitle "playchess.com"]
[Source "ChessBase"]
[SourceQuality "1"]
[WhiteTeam "Algeria"]
[BlackTeam "Botswana"]
[WhiteTeamCountry "ALG"]
[BlackTeamCountry "BOT"]
[TimeControl "900+10"]

1. d4 f5 2. c4 Nf6 3. g3 e6 4. Bg2 Be7 5. Nf3 O-O 6. O-O Ne4 7. d5 Bf6 8. Qc2 e5 9. Nbd2 Nxd2 10. Bxd2 d6 11. Rac1 c5 12. dxc6 bxc6 13. Rfd1 e4 14. Ne1 Be5 15. Bc3 Nd7 16. Qd2 Qf6 17. f4 exf3 18. Nxf3 Rb8 19. Nxe5 dxe5 20. Qd6 Rb6 21. b3 c5 22. Qxf6 gxf6 23. Rd2 Kf7 24. Rcd1 Ke7 25. Ba5 Ra6 26. Bc7 Rg8 27. Bh3 Rg5 28. e4 Rc6 29. Bd6+ Ke8 30. exf5 Rg7 31. Bg2 Rb6 32. Bxc5 Ra6 33. Be3 1-0

[Event "African Games-chT 2019"]
[Site "Casablanca"]
[Date "2019.08.24"]
[Round "5.7"]
[White "Francis, Onkemetse"]
[Black "Nassr, Lina"]
[Result "1/2-1/2"]
[ECO "B23"]
[WhiteElo "1792"]
[BlackElo "1938"]
[Annotator "NA"]
[PlyCount "109"]
[EventDate "2019.08.24"]
[EventType "team-tourn"]
[EventCountry "MAR"]
[SourceTitle "playchess.com"]
[Source "ChessBase"]
[SourceQuality "1"]
[WhiteTeam "Botswana"]
[BlackTeam "Algeria"]
[WhiteTeamCountry "BOT"]
[BlackTeamCountry "ALG"]
[TimeControl "900+10"]

1. e4 c5 2. Nc3 e6 3. g3 Nc6 4. Bg2 g6 5. d3 Bg7 6. Nge2 Nge7 7. O-O O-O 8. Bg5 h6 9. Be3 Nd4 10. Qd2 Kh7 11. Nd1 d5 12. c3 Nxe2+ 13. Qxe2 Qc7 14. d4 cxd4 15. cxd4 Bd7 16. Rc1 Qb6 17. Qd2 Bc6 18. e5 Bb5 19. Re1 Rfc8 20. Nc3 Bd7 21. h4 Nf5 22. Kh2 h5 23. Rf1 Rc4 24. Ne2 Rac8 25. b3 R4c7 26. Rxc7 Rxc7 27. Rc1 Bb5 28. Rxc7 Qxc7 29. Nc3 Ba6 30. Na4 Nxe3 31. fxe3 b6 32. Kg1 Bh6 33. Kf2 Qc6 34. Bf1 Bxf1 35. Kxf1 Qb5+ 36. Kf2 Qc6 37. Qc3 Qxc3 38. Nxc3 Bf8 39. Nb5 a5 40. Nc3 g5 41. Na4 gxh4 42. gxh4 Be7 43. Kg3 Bd8 44. Nc3 Kg6 45. Ne2 Kf5 46. Nc3 f6 47. exf6 Bxf6 48. Na4 Bd8 49. Nc3 Bc7+ 50. Kf3 Bd8 51. Kg3 Be7 52. Na4 Bd6+ 53. Kf3 Bc7 54. Nc3 Bd8 55. Kg3 1/2-1/2

[Event "African Games-chT 2019"]
[Site "Casablanca"]
[Date "2019.08.24"]
[Round "5.8"]
[White "Latreche, Sabrina"]
[Black "Gabatshwarwe Refilwe"]
[Result "1-0"]
[ECO "C44"]
[WhiteElo "2064"]
[BlackElo "1649"]
[Annotator "NA"]
[PlyCount "55"]
[EventDate "2019.08.24"]
[EventType "team-tourn"]
[EventCountry "MAR"]
[SourceTitle "playchess.com"]
[Source "ChessBase"]
[SourceQuality "1"]
[WhiteTeam "Algeria"]
[BlackTeam "Botswana"]
[WhiteTeamCountry "ALG"]
[BlackTeamCountry "BOT"]
[TimeControl "900+10"]

1. e4 e5 2. Nf3 Nc6 3. d4 exd4 4. Bc4 d6 5. Nxd4 Bd7 6. Nc3 Nf6 7. O-O Be7 8. h3 h6 9. Be3 Ne5 10. Be2 O-O 11. f4 Nc6 12. Bf3 Nxd4 13. Bxd4 Bc6 14. Qd3 a6 15. Rad1 Re8 16. e5 Bxf3 17. Qxf3 Nh7 18. Qxb7 Qb8 19. Qc6 dxe5 20. fxe5 Bf8 21. Nd5 Re6 22. Qxc7 Qe8 23. Qc3 Rc8 24. Qd3 Qb5 25. Qxb5 axb5 26. c3 Bc5 27. b4 Bxd4+ 28. cxd4 1-0

[Event "African Games-chT 2019"]
[Site "Casablanca"]
[Date "2019.08.24"]
[Round "5.9"]
[White "Hamdouchi, Hicham"]
[Black "Makoto, Rodwell"]
[Result "1/2-1/2"]
[ECO "C76"]
[WhiteElo "2562"]
[BlackElo "2373"]
[Annotator "ChessBase"]
[PlyCount "130"]
[EventDate "2019.08.24"]
[EventType "team-tourn"]
[EventCountry "MAR"]
[SourceTitle "playchess.com"]
[Source "ChessBase"]
[SourceQuality "1"]
[WhiteTeam "Morocco"]
[BlackTeam "Zimbabwe"]
[WhiteTeamCountry "MAR"]
[BlackTeamCountry "ZIM"]
[TimeControl "900+10"]

1. e4 e5 2. Nf3 Nc6 3. Bb5 g6 4. c3 a6 5. Ba4 d6 6. d4 Bd7 7. O-O Bg7 8. d5 Nce7 9. c4 h6 10. Nc3 f5 11. Ne1 Nf6 12. f3 O-O 13. Nd3 Bc8 14. c5 f4 15. Bd2 g5 16. Kh1 g4 17. Be1 h5 18. Bf2 Ng6 19. Bg1 h4 20. Qd2 Nh5 21. Ne2 h3 22. gxh3 gxf3 23. Rxf3 Nh4 24. Raf1 Qg5 25. Ne1 Nxf3 26. Rxf3 Rf6 27. cxd6 cxd6 28. Bb6 Rh6 29. Ng1 Nf6 30. Bc2 Bd7 31. Rc3 Rc8 32. Bf2 Qg6 33. Rxc8+ Bxc8 34. Qd3 Bd7 35. a4 Bf8 36. b4 Be7 37. b5 axb5 38. axb5 Nh7 39. b6 Ng5 40. h4 Nf7 41. Nef3 Rh7 42. Qf1 Rg7 43. Bd3 Nh6 44. Nh3 Bxh3 45. Qxh3 Ng4 46. Bg1 Ne3 47. Qe6+ Kh7 48. Qxg6+ Rxg6 49. h5 Rg7 50. Nd2 Bd8 51. Bxe3 fxe3 52. Nc4 Rf7 53. Kg2 Rf2+ 54. Kg3 Bg5 55. Nxd6 Bf4+ 56. Kg4 e2 57. Bxe2 Rxe2 58. Nxb7 Kg7 59. Nc5 Rb2 60. Ne6+ Kf6 61. Nxf4 exf4 62. Kxf4 Rf2+ 63. Kg3 Rb2 64. Kf4 Rf2+ 65. Kg3 Rb2 1/2-1/2

[Event "African Games-chT 2019"]
[Site "Casablanca"]
[Date "2019.08.24"]
[Round "5.10"]
[White "Mushore, Emarald Takudzwa"]
[Black "Tissir, Mohamed"]
[Result "1-0"]
[ECO "B06"]
[WhiteElo "2198"]
[BlackElo "2379"]
[Annotator "NA"]
[PlyCount "67"]
[EventDate "2019.08.24"]
[EventType "team-tourn"]
[EventCountry "MAR"]
[SourceTitle "playchess.com"]
[Source "ChessBase"]
[SourceQuality "1"]
[WhiteTeam "Zimbabwe"]
[BlackTeam "Morocco"]
[WhiteTeamCountry "ZIM"]
[BlackTeamCountry "MAR"]
[TimeControl "900+10"]

1. e4 d6 2. d4 g6 3. Nc3 Bg7 4. Be3 Nd7 5. Qd2 a6 6. f3 Ngf6 7. Nge2 b5 8. Nf4 c6 9. g4 e5 10. Nfe2 h5 11. g5 Nh7 12. h4 O-O 13. f4 exf4 14. Nxf4 Re8 15. Bg2 c5 16. O-O-O c4 17. e5 Rb8 18. e6 fxe6 19. Nxg6 b4 20. Ne4 c3 21. Qe2 Qa5 22. Kb1 Qc7 23. Bf4 Rb6 24. Rhf1 Bb7 25. Nxd6 b3 26. axb3 Rxd6 27. Bxb7 cxb2 28. Bxd6 Qxd6 29. Qxa6 Qb4 30. Bc6 Qd6 31. Bb5 Qc7 32. Qc6 Qa7 33. Ba4 Nhf8 34. Nxf8 1-0

[Event "African Games-chT 2019"]
[Site "Casablanca"]
[Date "2019.08.24"]
[Round "5.11"]
[White "Mayar ElIdrissi, Firdaous"]
[Black "Shaba, Linda"]
[Result "1-0"]
[ECO "C01"]
[WhiteElo "1760"]
[BlackElo "1615"]
[Annotator "NA"]
[PlyCount "61"]
[EventDate "2019.08.24"]
[EventType "team-tourn"]
[EventCountry "MAR"]
[SourceTitle "playchess.com"]
[Source "ChessBase"]
[SourceQuality "1"]
[WhiteTeam "Morocco"]
[BlackTeam "Zimbabwe"]
[WhiteTeamCountry "MAR"]
[BlackTeamCountry "ZIM"]
[TimeControl "900+10"]

1. e4 e6 2. d4 d5 3. exd5 exd5 4. Nf3 Nf6 5. Be2 Bg4 6. Nc3 Be7 7. Be3 c6 8. Qd2 Nbd7 9. h3 Bh5 10. g4 Bg6 11. O-O-O Ne4 12. Nxe4 Bxe4 13. Rhg1 Qb6 14. Ng5 Bxg5 15. Bxg5 f6 16. Bf4 O-O 17. f3 Bg6 18. h4 a5 19. h5 Bf7 20. Bd3 Qb4 21. Qh2 Rfe8 22. g5 fxg5 23. Bxg5 Be6 24. Bh6 Re7 25. Qg3 Nf6 26. a3 Qb6 27. Qg5 Ne8 28. Qxe7 Bf7 29. Bxg7 Nxg7 30. h6 Re8 31. Rxg7+ 1-0

[Event "African Games-chT 2019"]
[Site "Casablanca"]
[Date "2019.08.24"]
[Round "5.12"]
[White "Wakuruwarewa, Colletta"]
[Black "Rania, Sbai"]
[Result "1-0"]
[ECO "C54"]
[WhiteElo "1587"]
[BlackElo "1853"]
[Annotator "NA"]
[PlyCount "93"]
[EventDate "2019.08.24"]
[EventType "team-tourn"]
[EventCountry "MAR"]
[SourceTitle "playchess.com"]
[Source "ChessBase"]
[SourceQuality "1"]
[WhiteTeam "Zimbabwe"]
[BlackTeam "Morocco"]
[WhiteTeamCountry "ZIM"]
[BlackTeamCountry "MAR"]
[TimeControl "900+10"]

1. e4 e5 2. Nf3 Nc6 3. Bc4 Bc5 4. c3 Nf6 5. d3 d6 6. h3 h6 7. O-O O-O 8. Re1 a6 9. Be3 Ba7 10. Nbd2 Na5 11. Bb3 Nxb3 12. Nxb3 Be6 13. Nbd2 Nh7 14. d4 f6 15. Qc2 Qe8 16. d5 Bd7 17. Nf1 Qg6 18. Ng3 f5 19. Nh4 Qf7 20. Nhxf5 Nf6 21. Bxh6 Nh5 22. Be3 Nxg3 23. Nxg3 Qg6 24. Bxa7 Rxa7 25. Re3 Raa8 26. Qe2 Rf4 27. Nh5 Rh4 28. Nxg7 Bxh3 29. Rg3 Rg4 30. Rxg4 Bxg4 31. f3 Bxf3 32. Qxf3 Qxg7 33. Rf1 Rf8 34. Qxf8+ Qxf8 35. Rxf8+ Kxf8 36. Kh2 Kg7 37. Kg3 c6 38. c4 c5 39. Kg4 Kg6 40. a4 b6 41. b3 a5 42. g3 Kf6 43. Kh5 Kf7 44. Kh6 Kf6 45. g4 Kf7 46. g5 Kf8 47. Kh7 1-0

[Event "African Games-chT 2019"]
[Site "Casablanca"]
[Date "2019.08.24"]
[Round "5.13"]
[White "Aderito, Pedro"]
[Black "Chumfwa, Stanley"]
[Result "1-0"]
[ECO "E68"]
[WhiteElo "2301"]
[BlackElo "2317"]
[Annotator "NA"]
[PlyCount "69"]
[EventDate "2019.08.24"]
[EventType "team-tourn"]
[EventCountry "MAR"]
[SourceTitle "playchess.com"]
[Source "ChessBase"]
[SourceQuality "1"]
[WhiteTeam "Angola"]
[BlackTeam "Zambia"]
[WhiteTeamCountry "ANG"]
[BlackTeamCountry "ZAM"]
[TimeControl "900+10"]

1. Nf3 Nf6 2. g3 g6 3. Bg2 Bg7 4. O-O O-O 5. d4 d6 6. c4 Nbd7 7. Nc3 e5 8. e4 exd4 9. Nxd4 Nc5 10. h3 Re8 11. Re1 Bd7 12. a3 a5 13. b3 Qc8 14. Kh2 h5 15. Rb1 h4 16. g4 Nh7 17. Be3 Qd8 18. f4 g5 19. Qd2 gxf4 20. Bxf4 Ne6 21. Be3 Be5+ 22. Kh1 Nxd4 23. Bxd4 Be6 24. Rf1 Qg5 25. Be3 Qg7 26. Nd5 Bxd5 27. cxd5 c5 28. dxc6 bxc6 29. Rf5 c5 30. Rbf1 Re7 31. Bg5 Bc3 32. Qd5 Rae8 33. Bxe7 Rxe7 34. Qxd6 Re6 35. Qxc5 1-0

[Event "African Games-chT 2019"]
[Site "Casablanca"]
[Date "2019.08.24"]
[Round "5.14"]
[White "Kayonde, Andrew"]
[Black "Silva, David"]
[Result "1/2-1/2"]
[ECO "A45"]
[WhiteElo "2384"]
[BlackElo "2239"]
[Annotator "NA"]
[PlyCount "101"]
[EventDate "2019.08.24"]
[EventType "team-tourn"]
[EventCountry "MAR"]
[SourceTitle "playchess.com"]
[Source "ChessBase"]
[SourceQuality "1"]
[WhiteTeam "Zambia"]
[BlackTeam "Angola"]
[WhiteTeamCountry "ZAM"]
[BlackTeamCountry "ANG"]
[TimeControl "900+10"]

1. d4 Nf6 2. Bg5 d5 3. Bxf6 exf6 4. e3 c6 5. c4 Bb4+ 6. Nc3 dxc4 7. Bxc4 O-O 8. Qc2 f5 9. Nge2 Qf6 10. O-O Bd6 11. g3 a5 12. Bd3 Na6 13. a3 g6 14. Rad1 Re8 15. Rfe1 Bf8 16. d5 Nc5 17. dxc6 bxc6 18. Bc4 Rb8 19. Nd4 h5 20. h4 f4 21. exf4 Rxe1+ 22. Rxe1 Bg4 23. Nb3 Bf5 24. Qd1 Nxb3 25. Bxb3 Bc5 26. Na4 Ba7 27. Bc2 Bg4 28. Qd2 Rd8 29. Qxa5 Qd4 30. Re3 Kg7 31. Qc3 Qxc3 32. Rxc3 Rd2 33. Nc5 Bb6 34. b4 Bd8 35. Be4 Bf6 36. Rd3 Ra2 37. Bxc6 Bb2 38. a4 Ba3 39. Na6 Be2 40. Rd7 Bxa6 41. Bd5 Ra1+ 42. Kh2 Bxb4 43. Rxf7+ Kh8 44. f5 gxf5 45. Rxf5 Be2 46. Bf3 Bxf3 47. Rxf3 Kg7 48. Rf5 Kg6 49. Rg5+ Kh6 50. f3 Rxa4 51. g4 1/2-1/2

[Event "African Games-chT 2019"]
[Site "Casablanca"]
[Date "2019.08.24"]
[Round "5.15"]
[White "Caxita, Esperanca"]
[Black "Mwango, Lorita"]
[Result "1-0"]
[ECO "B13"]
[WhiteElo "1803"]
[BlackElo "1947"]
[Annotator "NA"]
[PlyCount "120"]
[EventDate "2019.08.24"]
[EventType "team-tourn"]
[EventCountry "MAR"]
[SourceTitle "playchess.com"]
[Source "ChessBase"]
[SourceQuality "1"]
[WhiteTeam "Angola"]
[BlackTeam "Zambia"]
[WhiteTeamCountry "ANG"]
[BlackTeamCountry "ZAM"]
[TimeControl "900+10"]

1. e4 c6 2. d4 d5 3. exd5 cxd5 4. Bd3 Nf6 5. Nf3 Bg4 6. c3 Nbd7 7. Nbd2 e6 8. Qb3 Qb6 9. Qc2 Rc8 10. O-O Be7 11. Re1 O-O 12. h3 Bh5 13. Ne5 Bg6 14. Ndf3 Nxe5 15. Nxe5 Bxd3 16. Qxd3 Ne4 17. Nd7 Qc7 18. Nxf8 Bxf8 19. f3 Qg3 20. Be3 Nf6 21. Bf2 Qg5 22. Re5 Qg6 23. Qxg6 hxg6 24. Re2 Bd6 25. g3 Rc6 26. Kg2 Nd7 27. Rc1 Nb6 28. b3 Kf8 29. Rcc2 Be7 30. g4 Bf6 31. Bg3 g5 32. Be5 Bxe5 33. Rxe5 f6 34. Re1 Kf7 35. Kg3 a6 36. f4 gxf4+ 37. Kxf4 Rd6 38. g5 Nd7 39. h4 g6 40. gxf6 Kxf6 41. Rf1 e5+ 42. dxe5+ Nxe5 43. Re2 Re6 44. Kg3+ Ke7 45. Rd1 Nd7 46. Rxe6+ Kxe6 47. Kf4 Nf6 48. Rd3 Ne4 49. Re3 Kf6 50. c4 g5+ 51. hxg5+ Nxg5 52. cxd5 Nf7 53. Re6+ Kg7 54. Kf5 Kf8 55. Rf6 Ke7 56. Rxf7+ Kxf7 57. Ke5 Ke7 58. b4 Kd7 59. d6 Kd8 60. Kd5 Kd7 1-0

[Event "African Games-chT 2019"]
[Site "Casablanca"]
[Date "2019.08.24"]
[Round "5.16"]
[White "Mululu Linah"]
[Black "Pires, Luzia"]
[Result "0-1"]
[ECO "D05"]
[WhiteElo "1633"]
[BlackElo "1924"]
[Annotator "NA"]
[PlyCount "70"]
[EventDate "2019.08.24"]
[EventType "team-tourn"]
[EventCountry "MAR"]
[SourceTitle "playchess.com"]
[Source "ChessBase"]
[SourceQuality "1"]
[WhiteTeam "Zambia"]
[BlackTeam "Angola"]
[WhiteTeamCountry "ZAM"]
[BlackTeamCountry "ANG"]
[TimeControl "900+10"]

1. d4 d5 2. Nf3 e6 3. e3 Nf6 4. Nbd2 Bd6 5. Bd3 O-O 6. O-O c5 7. b3 b6 8. Bb2 h6 9. Ne5 Bb7 10. f4 Ne4 11. Ndf3 f5 12. c4 Nd7 13. Qe1 Ndf6 14. Qh4 Qe8 15. Nd7 Qxd7 16. Rae1 Qf7 17. Bxe4 Nxe4 18. dxc5 Nxc5 19. Rd1 Be7 20. Qg3 Ne4 21. Qe1 dxc4 22. Rd7 Bc6 23. Rc7 Rac8 24. Ne5 Qe8 25. Rxa7 cxb3 26. axb3 Bf6 27. Bd4 Bxe5 28. Bxe5 Rf7 29. Ra6 Bb5 30. Rxb6 Bxf1 31. Qxf1 Qd7 32. h3 Rc2 33. Rb8+ Kh7 34. Qf3 Qd2 35. Rb4 Qxb4 0-1

[Event "African Games-chT 2019"]
[Site "Casablanca"]
[Date "2019.08.24"]
[Round "5.17"]
[White "Mwale, Joseph"]
[Black "Gohil, Mehul"]
[Result "1-0"]
[ECO "E06"]
[WhiteElo "2231"]
[BlackElo "2076"]
[Annotator "NA"]
[PlyCount "71"]
[EventDate "2019.08.24"]
[EventType "team-tourn"]
[EventCountry "MAR"]
[SourceTitle "playchess.com"]
[Source "ChessBase"]
[SourceQuality "1"]
[WhiteTeam "MAW"]
[BlackTeam "Kenya"]
[BlackTeamCountry "KEN"]
[TimeControl "900+10"]

1. d4 d5 2. c4 e6 3. g3 Nf6 4. Bg2 Be7 5. Nf3 O-O 6. O-O dxc4 7. Qc2 b6 8. Nbd2 Bb7 9. Nxc4 Nbd7 10. Rd1 Qe8 11. Nce5 c5 12. Nxd7 Nxd7 13. Ng5 Bxg5 14. Bxb7 Rb8 15. Bc6 Bxc1 16. dxc5 Bg5 17. Bxd7 Qd8 18. c6 Qc7 19. b4 b5 20. a4 Be7 21. Qe4 bxa4 22. Rxa4 Rb5 23. Rda1 Qd6 24. Rxa7 Rxb4 25. Qc2 Qc5 26. Qxc5 Bxc5 27. R7a4 Rxa4 28. Rxa4 Bd6 29. Ra7 Bb8 30. Rb7 Bd6 31. c7 Bxc7 32. Rxc7 g6 33. Rc8 Kg7 34. Rxf8 Kxf8 35. Kg2 Ke7 36. Bb5 1-0

[Event "African Games-chT 2019"]
[Site "Casablanca"]
[Date "2019.08.24"]
[Round "5.18"]
[White "Sang, Ricky"]
[Black "Mphungu, Gerrard"]
[Result "0-1"]
[ECO "B90"]
[WhiteElo "1971"]
[BlackElo "2107"]
[Annotator "NA"]
[PlyCount "70"]
[EventDate "2019.08.24"]
[EventType "team-tourn"]
[EventCountry "MAR"]
[SourceTitle "playchess.com"]
[Source "ChessBase"]
[SourceQuality "1"]
[WhiteTeam "Kenya"]
[BlackTeam "MAW"]
[WhiteTeamCountry "KEN"]
[TimeControl "900+10"]

1. e4 c5 2. Nf3 d6 3. d4 cxd4 4. Nxd4 Nf6 5. Nc3 a6 6. Be3 e5 7. Nb3 Be6 8. f3 Be7 9. Qd2 Nbd7 10. O-O-O b5 11. g4 Nb6 12. g5 Nh5 13. Bxb6 Qxb6 14. h4 O-O 15. Nd5 Bxd5 16. exd5 g6 17. Kb1 a5 18. Nc1 f5 19. Ne2 b4 20. f4 Rfd8 21. Rh3 Qf2 22. Rd3 Qxh4 23. Qe3 Nxf4 24. Nxf4 Qxf4 25. Qh3 e4 26. R3d2 Bxg5 27. Rh2 Ra7 28. Bb5 Bf6 29. Rdh1 Rb8 30. Bc6 Qe5 31. Qb3 a4 32. Bxa4 Rxa4 33. Rxh7 Ra3 34. Rg7+ Bxg7 35. c4 Rxb3 0-1

[Event "African Games-chT 2019"]
[Site "Casablanca"]
[Date "2019.08.24"]
[Round "5.19"]
[White "Nkhoma, Desiderata"]
[Black "Ndirangu, Joyce Nyaruai"]
[Result "1-0"]
[ECO "B27"]
[WhiteElo "1481"]
[BlackElo "1662"]
[Annotator "NA"]
[PlyCount "128"]
[EventDate "2019.08.24"]
[EventType "team-tourn"]
[EventCountry "MAR"]
[SourceTitle "playchess.com"]
[Source "ChessBase"]
[SourceQuality "1"]
[WhiteTeam "MAW"]
[BlackTeam "Kenya"]
[BlackTeamCountry "KEN"]
[TimeControl "900+10"]

1. e4 c5 2. Nf3 g6 3. d4 cxd4 4. Nxd4 Bg7 5. Be2 d6 6. Nc3 Nf6 7. O-O Bd7 8. h3 Nc6 9. Be3 O-O 10. Nxc6 Bxc6 11. Bd3 a6 12. Qd2 b5 13. a3 Qc7 14. Bh6 Rac8 15. Bxg7 Kxg7 16. Rfe1 Qb7 17. Qf4 Nd7 18. Re3 Nc5 19. Rae1 Ne6 20. Qg4 a5 21. Ne2 Nc5 22. Nf4 Nxd3 23. cxd3 Qd7 24. Qg3 e5 25. Nh5+ Kh8 26. Nf6 Qd8 27. Rf3 Kg7 28. Nh5+ Kh6 29. Nf6 Rh8 30. Qh4+ Kg7 31. Qg4 h5 32. Qg5 Bd7 33. Kh2 Be6 34. Kg1 Bf5 35. exf5 Qxf6 36. Qxf6+ Kxf6 37. fxg6+ Kxg6 38. Re2 f5 39. Rd2 h4 40. Re3 Kf6 41. f3 Rc1+ 42. Kh2 Rg8 43. Ree2 Rg3 44. Rf2 Ke6 45. Rfe2 d5 46. d4 e4 47. fxe4 fxe4 48. Rc2 Rd1 49. Red2 Rxd2 50. Rxd2 Rd3 51. Re2 Rxd4 52. Kg1 Rd1+ 53. Kf2 Ke5 54. g3 hxg3+ 55. Kxg3 Rf1 56. h4 d4 57. h5 d3 58. Rd2 Kd4 59. h6 e3 60. h7 Rh1 61. Rh2 Rxh2 62. Kxh2 d2 63. h8=Q+ Kd3 64. Qd8+ Ke2 1-0

[Event "African Games-chT 2019"]
[Site "Casablanca"]
[Date "2019.08.24"]
[Round "5.20"]
[White "Mongeli, Sasha"]
[Black "Msukwa, Tupokiwe"]
[Result "1-0"]
[ECO "B52"]
[WhiteElo "1527"]
[BlackElo "1289"]
[Annotator "NA"]
[PlyCount "55"]
[EventDate "2019.08.24"]
[EventType "team-tourn"]
[EventCountry "MAR"]
[SourceTitle "playchess.com"]
[Source "ChessBase"]
[SourceQuality "1"]
[WhiteTeam "Kenya"]
[BlackTeam "MAW"]
[WhiteTeamCountry "KEN"]
[TimeControl "900+10"]

1. e4 c5 2. Nf3 d6 3. Bb5+ Bd7 4. Bxd7+ Qxd7 5. Nc3 Nc6 6. d3 e6 7. O-O Nf6 8. Bg5 Be7 9. Re1 h6 10. Bd2 a6 11. h3 Qc7 12. Ne2 O-O 13. Ng3 Rfe8 14. a3 Rac8 15. Nh2 d5 16. exd5 exd5 17. Nh5 d4 18. Nxf6+ Bxf6 19. Rxe8+ Rxe8 20. Ng4 Bh4 21. Qf3 Ne5 22. Nxe5 Qxe5 23. Re1 Qb8 24. Re4 Rxe4 25. Qxe4 Bf6 26. Qf5 Qd8 27. Qxc5 Qe8 28. Kf1 1-0

[Event "African Games-chT 2019"]
[Site "Casablanca"]
[Date "2019.08.24"]
[Round "5.21"]
[White "Adu, Oladapo"]
[Black "Beukes, Dante M"]
[Result "1-0"]
[ECO "B30"]
[WhiteElo "2273"]
[BlackElo "2130"]
[Annotator "NA"]
[PlyCount "71"]
[EventDate "2019.08.24"]
[EventType "team-tourn"]
[EventCountry "MAR"]
[SourceTitle "playchess.com"]
[Source "ChessBase"]
[SourceQuality "1"]
[WhiteTeam "Nigeria"]
[BlackTeam "Namibia"]
[WhiteTeamCountry "NGR"]
[BlackTeamCountry "NAM"]
[TimeControl "900+10"]

1. e4 c5 2. Nf3 Nc6 3. d3 g6 4. g3 Bg7 5. Bg2 e6 6. O-O Nge7 7. Re1 O-O 8. c3 d5 9. e5 d4 10. c4 Qc7 11. Qe2 b6 12. Bf4 Bb7 13. h4 Nb4 14. a3 Nbc6 15. Nbd2 Kh8 16. Nf1 Qd7 17. N1h2 Rae8 18. Ng4 Ng8 19. Qd2 f6 20. b4 fxe5 21. Ngxe5 Nxe5 22. Nxe5 Qc8 23. Bxb7 Qxb7 24. bxc5 bxc5 25. Rab1 Qc8 26. Rb5 Ne7 27. Reb1 Nc6 28. Qe2 Rxf4 29. gxf4 Nxe5 30. fxe5 Qd8 31. Qe4 Rf8 32. Rb7 Bh6 33. Kg2 Kg8 34. Rxa7 Bf4 35. Qb7 Qxh4 36. Qg7# 1-0

[Event "African Games-chT 2019"]
[Site "Casablanca"]
[Date "2019.08.24"]
[Round "5.22"]
[White "Eichab, Charles"]
[Black "Osunfuyi, Abimbola"]
[Result "0-1"]
[ECO "A01"]
[WhiteElo "2016"]
[BlackElo "2235"]
[Annotator "NA"]
[PlyCount "41"]
[EventDate "2019.08.24"]
[EventType "team-tourn"]
[EventCountry "MAR"]
[SourceTitle "playchess.com"]
[Source "ChessBase"]
[SourceQuality "1"]
[WhiteTeam "Namibia"]
[BlackTeam "Nigeria"]
[WhiteTeamCountry "NAM"]
[BlackTeamCountry "NGR"]
[TimeControl "900+10"]

1. b3 c5 2. Bb2 Nc6 3. e3 a6 4. f4 d5 5. Nf3 Nf6 6. Be2 Bf5 7. O-O h6 8. Ne5 e6 9. Nxc6 bxc6 10. d3 Be7 11. Nd2 O-O 12. Bf3 Bg6 13. Qe2 a5 14. a4 Nd7 15. e4 Rb8 16. f5 exf5 17. exd5 cxd5 18. Bxd5 Re8 19. Qf2 Bh4 20. g3 Bg5 21. Rae1 0-1

[Event "African Games-chT 2019"]
[Site "Casablanca"]
[Date "2019.08.24"]
[Round "5.23"]
[White "Ogbiyoyo, Perpetual Eloho"]
[Black "Tjaronda, Nicola"]
[Result "1-0"]
[ECO "B23"]
[WhiteElo "1831"]
[BlackElo "1545"]
[Annotator "NA"]
[PlyCount "39"]
[EventDate "2019.08.24"]
[EventType "team-tourn"]
[EventCountry "MAR"]
[SourceTitle "playchess.com"]
[Source "ChessBase"]
[SourceQuality "1"]
[WhiteTeam "Nigeria"]
[BlackTeam "Namibia"]
[WhiteTeamCountry "NGR"]
[BlackTeamCountry "NAM"]
[TimeControl "900+10"]

1. e4 c5 2. Nc3 g6 3. f4 Bg7 4. Nf3 d6 5. Bb5+ Bd7 6. Bxd7+ Qxd7 7. d3 Nc6 8. O-O Nf6 9. Qe1 O-O 10. Ne2 Rac8 11. c3 Ne8 12. f5 Nc7 13. Qh4 Ne5 14. Bh6 Nxf3+ 15. Rxf3 Ne8 16. Raf1 Nf6 17. Rh3 e5 18. fxe6 Qxe6 19. Bxg7 Kxg7 20. Rxf6 1-0

[Event "African Games-chT 2019"]
[Site "Casablanca"]
[Date "2019.08.24"]
[Round "5.24"]
[White "Mentile, Lishen"]
[Black "Ofowino, Toritsemuwa"]
[Result "0-1"]
[ECO "B00"]
[WhiteElo "1513"]
[BlackElo "1877"]
[Annotator "NA"]
[PlyCount "80"]
[EventDate "2019.08.24"]
[EventType "team-tourn"]
[EventCountry "MAR"]
[SourceTitle "playchess.com"]
[Source "ChessBase"]
[SourceQuality "1"]
[WhiteTeam "Namibia"]
[BlackTeam "Nigeria"]
[WhiteTeamCountry "NAM"]
[BlackTeamCountry "NGR"]
[TimeControl "900+10"]

1. e4 d6 2. Nc3 Nf6 3. h3 e5 4. Nf3 Be7 5. Bc4 c6 6. d3 a5 7. a4 O-O 8. O-O Qc7 9. Be3 Nbd7 10. Qd2 Nb6 11. Bb3 Bd7 12. Ne2 Rfd8 13. Rfd1 Be8 14. c3 Nbd7 15. Qc2 Nf8 16. Ng3 Bd7 17. Ng5 Be6 18. Nxe6 fxe6 19. Rac1 d5 20. exd5 exd5 21. Nf5 Kh8 22. Qe2 Ng6 23. Bg5 Rf8 24. Nxe7 Qxe7 25. Qe3 h6 26. Bxf6 Qxf6 27. Rf1 Nf4 28. Rce1 Qg6 29. Qg3 Qxg3 30. fxg3 Nxd3 31. Re2 Rxf1+ 32. Kxf1 Rf8+ 33. Kg1 e4 34. c4 Nc5 35. Ba2 d4 36. Bb1 e3 37. Ba2 Re8 38. Bb1 d3 39. Bxd3 Nxd3 40. Kf1 Nc1 0-1